 Dungeon Crawl Stone Soup version 0.20-a0-535-gc09f9e6 (webtiles) character file.

178892 PrrrPrrrPrrr the Thaumaturge (level 18, -1/108 HPs)
             Began as a Gargoyle Earth Elementalist on Jan 27, 2017.
             Was the Champion of Vehumet.
             Slain by an emperor scorpion (14 damage)
             ... on level 3 of the Spider Nest.
             The game lasted 03:36:55 (62849 turns).

PrrrPrrrPrrr the Thaumaturge (GrEE)                Turns: 62849, Time: 03:36:56

Health: -1/108     AC: 27    Str: 24    XL:     18   Next: 21%
Magic:  4/36       EV: 20    Int: 26    God:    Vehumet [******]
Gold:   1976       SH:  0    Dex: 11    Spells: 2/46 levels left

rFire    + + .     SeeInvis +   e - +0 flail (venom)
rCold    + . .     Gourm    .   w - +2 robe {rC+ rF+}
rNeg     + . .     Faith    .   (no shield)
rPois    ∞         Spirit   .   A - +0 helmet of the Sea {*Drain Str+4 Int+3 SInv}
rElec    +         Reflect  .   I - +2 cloak
rCorr    .         Harm     .   m - +2 pair of gloves
MR       ++...                  (no boots)
Stlth    ++++......             s - amulet of rage
Regen    0.3/turn               g - ring of the Octopus King {Wiz AC+1 EV+1 Str+1 Int+1 Dex+1}
                                J - ring "Ameref" {rF+ MR+ EV+3 Str+5}

@: exhausted, flying, starving, slowed, very slow
A: big wings, camouflage 1, negative energy resistance 1, electricity
resistance, unbreathing, petrification resistance, rot immunity, AC +13
a: Stop Flying, Renounce Religion, Evoke Berserk Rage


You were on level 3 of the Spider Nest.
You worshipped Vehumet.
Vehumet was exalted by your worship.
You were starving.

You visited 6 branches of the dungeon, and saw 28 of its levels.
You also visited: Labyrinth.

You collected 2850 gold pieces.
You spent 874 gold pieces at shops.

Inventory:

Hand Weapons
 c - a +2 vampiric demon whip
 e - a +0 flail of venom (weapon)
 p - a +0 flail of venom
Missiles
 E - 495 stones (quivered)
Armour
 m - a +2 pair of gloves (worn)
 w - a +2 robe of resistance (worn)
 z - the +2 robe of Midnight {Int+4}
   (You bought it in a shop on level 2 of the Orcish Mines)

   It affects your intelligence (+4).
 A - the +0 helmet of the Sea (worn) {*Drain Str+4 Int+3 SInv}
   (You bought it in a shop on level 2 of the Orcish Mines)

   It affects your strength (+4).
   It affects your intelligence (+3).
   It lets you see invisible.
   It causes draining when unequipped.
 I - a +2 cloak (worn)
Magical Staves
 k - an uncursed staff of air {unknown}
 U - an uncursed staff of power
Jewellery
 a - a +3 ring of protection
 g - a ring of the Octopus King (right hand) {Wiz AC+1 EV+1 Str+1 Int+1 Dex+1}
   (You found it on level 1 of the Spider Nest)

   [ring of wizardry]

   It improves your spell success rate.
   It affects your AC (+1).
   It affects your evasion (+1).
   It affects your strength (+1).
   It affects your intelligence (+1).
   It affects your dexterity (+1).
 i - an uncursed ring of ice
 l - a +4 ring of evasion
 s - an amulet of rage (around neck)
 J - the ring "Ameref" (left hand) {rF+ MR+ EV+3 Str+5}
   (You took it off an orc on level 8 of the Dungeon)

   [ring of evasion]

   It affects your evasion (+3).
   It affects your strength (+5).
   It protects you from fire.
   It affects your resistance to hostile enchantments.
 O - an uncursed ring of resist corrosion
Wands
 d - a wand of scattershot (1/9)
 h - a wand of confusion (29/48)
 t - a wand of digging (8/24)
 K - a wand of acid (1/15)
 R - a wand of digging (15/24)
 X - a wand of enslavement (8/24)
Scrolls
 b - 2 scrolls of magic mapping
 j - a scroll of recharging
 q - 8 scrolls of fog
 r - a scroll of identify
 x - 7 scrolls of remove curse
 y - a scroll of enchant armour
Potions
 f - 9 potions of curing
 n - a potion of cancellation
 v - 4 potions of brilliance
 V - 2 potions of resistance
Books
 W - a book of Power

   Spells                             Type                      Level
   a - Fulminant Prism                Conjuration/Hexes            4
   b - Iskenderun's Mystic Blast      Conjuration                  4
   c - Venom Bolt                     Conjuration/Poison           5
   d - Bolt of Magma                  Conjuration/Fire/Earth       5
   e - Iron Shot                      Conjuration/Earth            6
   f - Orb of Destruction             Conjuration                  7
   g - Spellforged Servitor           Conjuration/Summoning        7
Comestibles
 u - 6 meat rations


   Skills:
 + Level 10.9 Fighting
 + Level 10.6 Maces & Flails
 - Level 8.0 Armour
 + Level 9.1 Dodging
 - Level 5.0 Stealth
   Level 4.5 Shields
 * Level 14.8 Spellcasting
 + Level 12.3 Conjurations
   Level 0.7 Transmutations
 + Level 12.3 Fire Magic
 * Level 13.8 Earth Magic


You had 2 spell levels left.
You knew the following spells:

 Your Spells              Type           Power        Failure   Level  Hunger
a - Sandblast             Erth           ######       0%          1    None
b - Stone Arrow           Conj/Erth      ######       1%          3    None
c - Lee's Rapid Deconstr  Erth           ######....   1%          5    #......
d - Bolt of Magma         Conj/Fire/Erth ######....   1%          5    #......
e - Iskenderun's Mystic   Conj           ######..     1%          4    None
f - Throw Icicle          Conj/Ice       ######..     1%          4    None
g - Iron Shot             Conj/Erth      ######....   1%          6    ####...
h - Venom Bolt            Conj/Pois      ######....   1%          5    #......
i - Bolt of Draining      Conj/Necr      ######....   1%          5    #......
j - Bolt of Fire          Conj/Fire      ######....   1%          6    ####...


Dungeon Overview and Level Annotations

Branches:
Dungeon (15/15)            Temple (1/1) D:7            Lair (6/6) D:9
 Shoals (0/4) Lair:3       Spider (3/4) Lair:2        Slime (0/5) Lair:6
    Orc (2/2) D:11            Elf (0/3) Orc:2        Vaults (0/5) D:14
 Depths (1/5) D:15

Altars:
Ashenzari
Cheibriados
Dithmenos
Elyvilon
Fedhas
Gozag
Hepliaklqana
Kikubaaqudgha
Makhleb
Nemelex Xobeh
Okawaru
Qazlal
Ru
Sif Muna
Trog
Uskayaw
Vehumet
Xom
Yredelemnul
Zin
The Shining One
Beogh

Shops:
D:9 *   Orc:2 *[!}

Portals:
Pandemonium: Orc:2

Annotations:
Spider:3 Arachne


Innate Abilities, Weirdness & Mutations

You are resistant to torment.
Your stone body is resilient. (AC +13)
You are immune to poison.
Your large and strong wings let you fly indefinitely.
You resist negative energy. (rN+)
You are resistant to electric shocks. (rElec)
You can survive without breathing.
You are immune to petrification.
You are immune to rotting.
Your skin changes colour to match your surroundings (Stealth+).


Message History

The demonic crawler barely misses you.
The emperor scorpion closely misses you.
The emperor scorpion claws you!
* * * LOW HITPOINT WARNING * * *
The emperor scorpion claws you but does no damage.
The demonic crawler completely misses you.
The demonic crawler hits you but does no damage.
The demonic crawler hits you!
* * * LOW HITPOINT WARNING * * *
Arachne points her staff at you, shooting a stream of webbing.
The stream of webbing misses you.
The stream of webbing hits the demonic crawler.
You disentangle yourself.
The demonic crawler completely misses you.
The demonic crawler hits you!
* * * LOW HITPOINT WARNING * * *
The demonic crawler hits you.
* * * LOW HITPOINT WARNING * * *
The emperor scorpion stings you!
You die...

.#. . ...# .## .....
##.## .....##...##
###
...H.......##..###
#........^.......
##..#..s...#..#......
#....(.@s............
#......##^...#.....#
##....# ##........##
##... #....#.....
#... #.......# #.
#.... ##..^.^.#...
.#^. ###........ ^...
#....###.. ..##
##...^#


You could see Arachne, an emperor scorpion and a demonic crawler.

Vanquished Creatures
  Rupert (Spider:1)
  Asterion (Spider:2)
  Gastronok (D:11)
  Agnes (Spider:1)
  Louise (Spider:3)
  2 ghost moths
  Aizul (Lair:2)
  2 orc warlords
  4 entropy weavers (Spider:2)
  The ghost of lollipopman the Fighter, a journeyman DsBe of Trog (Orc:2)
  Nessos (Lair:6)
  Azrael (Orc:2)
  A spark wasp (Spider:2)
  The ghost of lollipopman the Fighter, a journeyman OgHu (D:12)
  A minotaur (Lab)
  A rakshasa (D:15)
  Erolcha (D:9)
  7 hydras
  Fannar (Orc:1)
  3 centaur warriors
  10 two-headed ogres
  A death knight (D:14)
  Erica (Orc:2)
  3 death yaks (Lair:6)
  A queen ant (Spider:2)
  Urug (Orc:1)
  3 orc high priests (Orc:2)
  A soul eater (Orc:2)
  Nergalle (Lair:1)
  14 slime creatures
  A glowing orange brain (D:15)
  3 unseen horrors
  5 skeletal warriors
  2 infernal demonspawn (Orc:2)
  A torturous demonspawn (Orc:2)
  The ghost of lollipopman the Skirmisher, a novice DsAK of Lugonu (D:7)
  Pikel (D:9)
  6 orc knights
  A wolf spider zombie (D:13)
  16 orb spiders
  6 oklob plants
  10 orc sorcerers
  15 wolf spiders
  4 deep elf magi
  A cyclops (D:12)
  12 elephants
  9 ugly things
  6 black mambas
  2 moths of wrath
  A manticore (Lair:2)
  Maurice (D:8)
  Joseph (D:7)
  7 gargoyles
  3 torpor snails
  A torpor snail (shapeshifter) (D:13)
  An orange demon (Orc:2)
  3 centaur skeletons
  20 spiny frogs
  A rime drake (shapeshifter) (D:14)
  9 komodo dragons
  A yaktaur (Depths:1)
  A rime drake (Lair:3)
  An ice devil (Orc:2)
  12 demonic crawlers
  An efreet (D:9)
  A tengu conjurer (D:14)
  A queen bee (D:15)
  23 jumping spiders
  10 hornets
  9 trolls
  A wind drake (shapeshifter) (D:14)
  3 polar bears
  6 dream sheep (Lair:6)
  3 meliai (D:15)
  2 polar bears (shapeshifter)
  15 blink frogs
  9 hippogriffs
  20 tarantellas
  3 fire elementals
  72 redbacks
  13 spriggans (Lair:6)
  5 wraiths
  A shadow (D:14)
  66 yaks
  3 wyverns
  4 basilisks
  Grum (D:8)
  A steam dragon (Lair:2)
  A chaos spawn (Orc:2)
  3 hungry ghosts
  19 vampire mosquitoes
  6 wargs (Orc:1)
  Menkaure (D:7)
  7 soldier ants (Spider:2)
  A swamp worm (shapeshifter) (D:15)
  13 porcupines
  2 hell hounds (Orc:1)
  18 water moccasins
  A swamp drake (shapeshifter) (D:15)
  49 orc warriors
  A slave (D:9)
  6 ice beasts
  7 black bears
  An eye of draining (D:13)
  A phantom (D:12)
  4 sky beasts
  A necrophage (D:13)
  15 ogres
  20 wolves
  4 boggarts (Lair:6)
  7 centaurs
  17 crocodiles
  5 big kobolds
  2 gnoll sergeants
  29 bullfrogs
  A wyvern skeleton (D:11)
  9 scorpions
  A water moccasin skeleton (D:7)
  37 killer bees
  10 wights
  4 howler monkeys
  5 electric eels
  3 quasits
  A bullfrog zombie (D:12)
  5 centaur zombies
  8 crimson imps
  5 jellies
  42 orc priests
  9 hounds
  3 iguanas
  16 orc wizards
  2 bullfrog skeletons
  Natasha (thrice) (D:4)
  32 worker ants
  A killer bee zombie (D:8)
  2 worker ant zombies (D:7)
  16 gnolls
  17 adders
  An adder skeleton (D:9)
  4 worms
  2 dart slugs
  3 leopard geckos
  130 orcs
  3 ball pythons
  9 giant cockroaches
  10 goblins
  4 hobgoblins
  10 jackals
  7 quokkas
  4 bats
  4 frilled lizards
  25 kobolds
  A leopard gecko skeleton (D:8)
  A quokka zombie (D:9)
  9 rats
  A fungus (Lair:6)
1208 creatures vanquished.

Vanquished Creatures (others)
  A warg (Orc:2)
  3 slaves (D:9)
  A wolf (D:9)
  5 orcs
  47 fungi
  20 plants
77 creatures vanquished.

Grand Total: 1285 creatures vanquished

Notes
Turn   | Place    | Note
-------+----------+-------------------------------------------
     0 | D:1      | PrrrPrrrPrrr the Gargoyle Earth Elementalist began the quest for the Orb.
     0 | D:1      | Reached XP level 1. HP: 10/10 MP: 3/3
   353 | D:1      | Reached XP level 2. HP: 15/15 MP: 3/5
  1472 | D:2      | Found a faded altar of an unknown god.
  1485 | D:2      | Reached XP level 3. HP: 16/19 MP: 1/7
  1490 | D:2      | Learned a level 3 spell: Stone Arrow
  2197 | D:2      | Reached skill level 3 in Spellcasting
  2614 | D:3      | Reached XP level 4. HP: 16/24 MP: 0/8
  2617 | D:3      | Reached skill level 1 in Conjurations
  3374 | D:3      | Reached XP level 5. HP: 17/28 MP: 5/10
  3574 | D:3      | Learned a level 5 spell: Lee's Rapid Deconstruction
  3674 | D:3      | Reached skill level 5 in Earth Magic
  4214 | D:4      | Noticed Natasha
  4216 | D:4      | Killed Natasha
  4216 | D:4      | Reached skill level 4 in Spellcasting
  4380 | D:4      | Noticed Natasha
  4396 | D:4      | Killed Natasha
  4396 | D:4      | Reached XP level 6. HP: 21/32 MP: 6/12
  5136 | D:4      | Noticed Natasha
  5143 | D:4      | Killed Natasha
  5143 | D:4      | Reached skill level 5 in Spellcasting
  5143 | D:4      | Reached XP level 7. HP: 36/36 MP: 10/14
  5220 | D:4      | Found a deep blue altar of Sif Muna.
  5912 | D:5      | Entered Level 5 of the Dungeon
  7504 | D:5      | Found an opulent altar of Gozag.
  7967 | D:5      | Reached skill level 6 in Spellcasting
  8129 | D:5      | Reached XP level 8. HP: 33/41 MP: 17/17
  9231 | D:6      | Found a snail-covered altar of Cheibriados.
  9231 | D:6      | Found a radiant altar of Vehumet.
  9234 | D:6      | Found a shadowy altar of Dithmenos.
  9244 | D:6      | Became a worshipper of Vehumet
  9263 | D:6      | Found a shattered altar of Ashenzari.
  9266 | D:6      | Found a burning altar of Makhleb.
  9351 | D:7      | Noticed Menkaure
  9371 | D:7      | Killed Menkaure
  9371 | D:7      | Reached skill level 7 in Spellcasting
  9371 | D:7      | Reached skill level 5 in Conjurations
  9764 | D:7      | Reached XP level 9. HP: 26/45 MP: 9/20
  9780 | D:7      | Reached skill level 8 in Spellcasting
 10104 | D:7      | Found a hazy altar of Hepliaklqana.
 10104 | D:7      | Found a white marble altar of Elyvilon.
 10130 | D:7      | Reached * piety under Vehumet
 10130 | D:7      | Offered knowledge of Freeze by Vehumet.
 10130 | D:7      | Reached skill level 1 in Armour
 10134 | D:7      | Reached skill level 1 in Fighting
 10545 | D:7      | Noticed lollipopman's ghost (novice DsAK)
 10567 | D:7      | Killed lollipopman's ghost
 10567 | D:7      | Reached skill level 1 in Maces & Flails
 10567 | D:7      | Reached skill level 1 in Shields
 10637 | D:7      | Found a staircase to the Ecumenical Temple.
 10647 | Temple   | Entered the Ecumenical Temple
 11459 | D:8      | Noticed Grum
 11692 | D:8      | Reached XP level 10. HP: 48/53 MP: 8/22
 12058 | D:8      | Offered knowledge of Magic Dart by Vehumet.
 12060 | D:8      | Reached ** piety under Vehumet
 12253 | D:8      | Reached skill level 9 in Spellcasting
 12315 | D:8      | Noticed Maurice
 12322 | D:8      | Noticed a two-headed ogre
 12333 | D:8      | HP: 1/54 [two-headed ogre/giant club (4)]
 12676 | D:8      | Killed a two-headed ogre
 12701 | D:8      | Noticed Joseph
 12724 | D:7      | Killed Joseph
 12724 | D:7      | Offered knowledge of Inner Flame by Vehumet.
 13043 | D:8      | Killed Maurice
 13073 | D:8      | Reached *** piety under Vehumet
 13076 | D:8      | Got a scorched lapis lazuli ring
 13078 | D:8      | Identified the ring "Ameref" {rF+ MR+ EV+3 Str+5} (You took it off an orc on level 8 of the Dungeon)
 13279 | D:8      | Killed Grum
 13968 | D:8      | Found a blossoming altar of Fedhas.
 14119 | D:9      | Found a shadowy altar of Dithmenos.
 14231 | D:9      | Reached XP level 11. HP: 46/60 MP: 24/24
 14409 | D:9      | Noticed Pikel
 14415 | D:9      | Killed Pikel
 14500 | D:9      | Offered knowledge of Olgreb's Toxic Radiance by Vehumet.
 14756 | D:9      | Found a staircase to the Lair.
 14909 | D:9      | HP: 3/61 [howler monkey (1)]
 14941 | Lair:1   | Entered Level 1 of the Lair of Beasts
 15687 | D:9      | Noticed a two-headed ogre
 15697 | D:9      | Killed a two-headed ogre
 15834 | D:9      | Noticed Erolcha
 16017 | D:9      | Killed Erolcha
 16424 | D:9      | Found Soom's General Store.
 16433 | D:9      | Bought a scroll of blinking for 82 gold pieces
 16451 | D:10     | Entered Level 10 of the Dungeon
 16986 | D:10     | Reached skill level 10 in Spellcasting
 17007 | D:10     | Reached **** piety under Vehumet
 17136 | D:9      | Reached skill level 5 in Armour
 17371 | D:9      | Offered knowledge of Bolt of Magma by Vehumet.
 17383 | D:9      | Learned a level 5 spell: Bolt of Magma
 18204 | D:10     | Reached skill level 5 in Maces & Flails
 18204 | D:10     | Reached skill level 1 in Fire Magic
 18232 | D:10     | Reached skill level 5 in Fighting
 18260 | D:10     | Noticed a two-headed ogre
 18295 | D:10     | Killed a two-headed ogre
 18295 | D:10     | Reached XP level 12. HP: 68/68 MP: 0/26
 18791 | D:10     | Learned a level 4 spell: Iskenderun's Mystic Blast
 19301 | D:11     | Found a staircase to the Orcish Mines.
 19385 | D:11     | Noticed Gastronok
 19643 | D:11     | Killed Gastronok
 19643 | D:11     | Reached skill level 10 in Earth Magic
 20645 | Lair:1   | Noticed Nergalle
 20650 | Lair:1   | Killed Nergalle
 20650 | Lair:1   | Reached skill level 5 in Dodging
 21504 | Lair:1   | Reached ***** piety under Vehumet
 21504 | Lair:1   | Offered knowledge of Throw Icicle by Vehumet.
 21612 | Lair:1   | Learned a level 4 spell: Throw Icicle
 22830 | Lair:2   | Reached skill level 11 in Spellcasting
 22835 | Lair:2   | Reached XP level 13. HP: 70/75 MP: 12/28
 22873 | Lair:2   | Reached skill level 5 in Fire Magic
 23400 | Lair:2   | Found a hole to the Spider Nest.
 27992 | Lair:3   | Found a staircase to the Shoals.
 29882 | Lair:5   | Found a labyrinth entrance.
 29892 | Lab      | Entered a labyrinth
 29916 | Lab      | Gained mutation: Your large and strong wings let you fly indefinitely. [Gargoyle growth]
 29916 | Lab      | Reached XP level 14. HP: 79/82 MP: 18/29
 31255 | Lab      | Got a scorched shortbow
 32098 | Lair:5   | Reached skill level 12 in Spellcasting
 33069 | Lair:6   | Entered Level 6 of the Lair of Beasts
 33738 | Lair:6   | Offered knowledge of Delayed Fireball by Vehumet.
 34209 | Lair:6   | Reached skill level 10 in Conjurations
 34437 | Lair:6   | Noticed Nessos
 34440 | Lair:6   | Killed Nessos
 35342 | Lair:6   | Reached XP level 15. HP: 85/88 MP: 16/31
 35345 | Lair:6   | Offered knowledge of Ozocubu's Refrigeration by Vehumet.
 36285 | Lair:6   | Found a staircase to the Slime Pits.
 37558 | D:12     | Learned a level 6 spell: Iron Shot
 37564 | D:12     | Learned a level 5 spell: Venom Bolt
 37630 | D:12     | Noticed lollipopman's ghost (journeyman OgHu)
 37683 | D:12     | Killed lollipopman's ghost
 38280 | D:12     | Found a glowing golden altar of the Shining One.
 38480 | D:13     | Gained mutation: Your skin changes colour to match your surroundings (Stealth+). [potion of mutation]
 38480 | D:13     | Gained mutation: Your spells are a little easier to cast, but a little less powerful. [potion of mutation]
 38480 | D:13     | Gained mutation: Your flesh is cold resistant. (rC+) [potion of mutation]
 38481 | D:13     | Lost mutation: Your flesh is cold resistant. (rC+) [potion of cure mutation]
 38481 | D:13     | Lost mutation: Your spells are a little easier to cast, but a little less powerful. [potion of cure mutation]
 41333 | D:14     | Found a gate to the Vaults.
 41395 | D:14     | Reached skill level 13 in Spellcasting
 41600 | D:14     | Offered knowledge of Bolt of Draining by Vehumet.
 41624 | D:14     | Learned a level 5 spell: Bolt of Draining
 41651 | D:14     | You are sucked into a shaft!
 41651 | D:15     | Entered Level 15 of the Dungeon
 42020 | D:14     | Got an encrusted leather armour
 42032 | D:14     | Identified the cursed +1 leather armour of the Neverending Nights {Dex+3} (You took it off an orc on level 14 of the Dungeon)
 42563 | D:14     | Reached skill level 10 in Fire Magic
 44810 | D:15     | Reached XP level 16. HP: 92/96 MP: 22/33
 45543 | D:15     | Reached ****** piety under Vehumet
 45543 | D:15     | Offered knowledge of Freezing Cloud by Vehumet.
 46462 | D:15     | Found a staircase to the Depths.
 46824 | Depths:1 | Entered Level 1 of the Depths
 46996 | Orc:1    | Entered Level 1 of the Orcish Mines
 46996 | Orc:1    | Noticed Fannar
 47000 | Orc:1    | Killed Fannar
 47393 | Orc:1    | Noticed Urug
 47402 | Orc:1    | Killed Urug
 48554 | Orc:2    | Entered Level 2 of the Orcish Mines
 48816 | Orc:2    | Offered knowledge of Bolt of Cold by Vehumet.
 49052 | Orc:2    | Found a roughly hewn altar of Beogh.
 49253 | Orc:2    | Noticed Azrael
 49634 | Orc:2    | Noticed lollipopman's ghost (journeyman DsBe)
 50045 | Orc:2    | Found a staircase to the Elven Halls.
 50127 | Orc:2    | Found Ymohat's Distillery.
 50128 | Orc:2    | Found Rufafuxe's General Store.
 51090 | Orc:2    | Reached skill level 5 in Stealth
 51344 | Orc:2    | Bought a potion of heal wounds for 50 gold pieces
 51344 | Orc:2    | Bought a potion of resistance for 100 gold pieces
 51344 | Orc:2    | Bought a potion of heal wounds for 50 gold pieces
 52864 | Orc:2    | Found Fycyd's Antique Armour Boutique.
 52864 | Orc:2    | Found Siutaw's Gadget Shop.
 52865 | Orc:2    | Found a one-way gate leading to the halls of Pandemonium.
 52988 | Orc:2    | Bought a ripped robe for 222 gold pieces
 52988 | Orc:2    | Bought an encrusted helmet for 370 gold pieces
 52998 | Orc:2    | Identified the +2 robe of Midnight {Int+4} (You bought it in a shop on level 2 of the Orcish Mines)
 53008 | Orc:2    | Identified the +0 helmet of the Sea {*Drain Str+4 Int+3 SInv} (You bought it in a shop on level 2 of the Orcish Mines)
 53256 | Orc:2    | Killed Azrael
 53639 | Orc:2    | Killed lollipopman's ghost
 54046 | Orc:1    | Noticed Erica
 54052 | Orc:2    | Killed Erica
 54152 | Orc:1    | HP: 3/97 [orc warrior/enchanted long sword[an orc warlord] (28)]
 54182 | Orc:1    | Reached skill level 14 in Spellcasting
 54182 | Orc:1    | Reached XP level 17. HP: 79/101 MP: 25/35
 54185 | Orc:1    | Offered knowledge of Bolt of Fire by Vehumet.
 54193 | Orc:1    | Learned a level 6 spell: Bolt of Fire
 54582 | Spider:1 | Entered Level 1 of the Spider Nest
 54668 | Spider:1 | Reached skill level 10 in Fighting
 54670 | Spider:1 | Noticed Aizul
 55027 | Lair:2   | Killed Aizul
 56113 | Lair:2   | Reached skill level 10 in Maces & Flails
 56782 | Spider:1 | Noticed Agnes
 56784 | Spider:1 | Noticed Rupert
 56785 | Spider:1 | Killed Agnes
 56813 | Spider:1 | Killed Rupert
 57580 | Spider:1 | Offered knowledge of Lehudib's Crystal Spear by Vehumet.
 57580 | Spider:1 | Offered knowledge of Fire Storm by Vehumet.
 57580 | Spider:1 | Offered knowledge of Shatter by Vehumet.
 57865 | Spider:1 | Got a ring of the Octopus King
 57866 | Spider:1 | Identified a ring of the Octopus King {Wiz AC+1 EV+1 Str+1 Int+1 Dex+1} (You found it on level 1 of the Spider Nest)
 60729 | Spider:2 | Reached XP level 18. HP: 108/108 MP: 7/36
 60953 | Spider:2 | Noticed Asterion
 60959 | Spider:2 | Killed Asterion
 62400 | Spider:3 | Noticed Louise
 62411 | Spider:3 | Killed Louise
 62827 | Spider:3 | Noticed Arachne
 62849 | Spider:3 | Slain by an emperor scorpion

Vault maps used:
D:1:      scummos_arrival_star, st_stairs_14
D:2:      chequers_ecumenical_altar_simple_redux
D:3:      minmay_distorted
D:4:      minmay_thick_lines, first_bread, tgw_sif, uniq_natasha
D:5:      nicolae_gozag_cash_rules_everything_around_me
D:6:      minmay_overflow_temple_star_hex
D:7:      chequers_temple_overflow_statue_of_worship,
          minmay_temple_entry_nine_rooms, uniq_menkaure
D:8:      black_bear_nest_2, kennysheep_little_box, special_room,
          blue_anna_alchemist, uniq_maurice, uniq_grum, uniq_joseph
D:9:      erik_lair_island, serial_shops,
          nicolae_shop_competitors_out_of_business, basic_altar,
          minmay_misc_feat_roman, uniq_pikel, uniq_erolcha
D:10:     minmay_misc_feat_five
D:11:     orc_0_dummy, uniq_gastronok
D:12:     nicolae_tso_swordbearing_angel
D:14:     david_vaults_2, serial_corexii_hall, corexii_hall_statues_u,
          corexii_hall_statues_i, corexii_hall_statues_x,
          grunt_decor_mini_mirrors
D:15:     gammafunk_enter_depths_forms, roderic_nine_men_s_morris, special_room
Temple:   minmay_temple_forest_path
Lair:1:   uniq_nergalle
Lair:2:   nicolae_spider_entry_non_spiders, st_stairs_9, beast_lair_carwin_7,
          lemuel_fruit_fields, minmay_lair_oklob_chamber
Lair:3:   elwin_shoals_entry_rocks
Lair:4:   grunt_megastairs_3, serial_bayou_shore_b
Lair:5:   enter_volcano_1, lab_entry_generic, cheibrodos_lair_reptile_den
Lair:6:   minmay_lair_end_enchanted_forest, minmay_slime_entry_oklob_enclosed,
          uniq_nessos
Spider:1: uniq_rupert, uniq_agnes, uniq_aizul
Spider:2: spider_trap, minmay_another_anthill, uniq_asterion
Spider:3: lemuel_hornet_nest, hangedman_spider_tarantella_strand, uniq_louise,
          uniq_arachne
Orc:1:    lightli_orcish_oven, uniq_urug, uniq_fannar, uniq_erica
Orc:2:    pf_orc_diabolical, special_room, minmay_orc_temple_a, uniq_azrael
Depths:1: serial_shops, nicolae_shop_statue_plus, lightli_too_deep,
          minmay_st_funbox, minmay_misc_feat_plants,
          minmay_guarded_unrand_wrath_of_trog, uniq_bai_suzhen
Lab:      labyrinth_spiral, lab_block, nicolae_lab_flowing_pool,
          nicolae_lab_starburst, labyrinth_fake_exit,
          labyrinth_skeletal_remains, nicolae_lab_stuck, lab_fountain,
          nicolae_lab_big_swirl

Skill      XL: |  1  2  3  4  5  6  7  8  9 10 11 12 13 14 15 16 17 18 |
---------------+-------------------------------------------------------+-----
Earth Magic    | 4 5 6 7 8 9 10 11 12 13 | 13.8
Spellcasting   | 3 4 5 6 7 8 9 10 11 12 13 14 | 14.8
Conjurations   | 2 3 4 5 6 7 8 9 10 11 12 | 12.3
Armour         | 2 4 5 6 7 8 |  8.0
Fighting       | 2 3 5 6 7 8 9 10 | 10.9
Maces & Flails | 1 3 5 6 7 8 9 10 | 10.6
Dodging        | 2 3 4 5 6 7 8 9 |  9.1
Shields        | 2 3 4 |  4.5
Fire Magic     | 1 4 6 8 10 11 12 | 12.3
Stealth        | 4 5 |  5.0
Transmutations | |  0.7

Action                   |  1- 3 |  4- 6 |  7- 9 | 10-12 | 13-15 | 16-18 || total
-------------------------+-------+-------+-------+-------+-------+-------++-------
Melee: Club              |    46 |       |       |       |       |       ||    46
       Dagger            |    55 |       |       |       |       |       ||    55
       Mace              |    20 |   109 |    75 |       |       |       ||   204
       Long sword        |       |       |    54 |       |       |       ||    54
       Rapier            |       |       |   169 |   196 |       |       ||   365
       Flail             |       |       |       |   417 |  1087 |   724 ||  2228
       Staff             |       |       |       |       |    46 |   137 ||   183
 Cast: Sandblast         |    22 |    68 |    23 |     6 |    20 |    17 ||   156
       Stone Arrow       |     1 |       |    59 |   108 |    29 |    27 ||   224
       Lee's Rapid Decon |       |       |     6 |    29 |    67 |    78 ||   180
       Bolt of Magma     |       |       |       |    57 |   270 |   150 ||   477
       Iron Shot         |       |       |       |       |    54 |   170 ||   224
       Bolt of Draining  |       |       |       |       |     5 |    18 ||    23
       Venom Bolt        |       |       |       |       |     4 |       ||     4
       Throw Icicle      |       |       |       |       |       |     3 ||     3
       Iskenderun's Myst |       |       |       |       |       |     3 ||     3
       Bolt of Fire      |       |       |       |       |       |    67 ||    67
 Abil: Evoke Berserk Rag |       |       |     1 |     2 |     1 |     4 ||     8
       Fly               |       |       |       |       |     1 |       ||     1
Evoke: Wand              |       |       |     7 |     6 |     5 |     7 ||    25
  Use: Scroll            |     9 |     5 |     2 |    12 |    21 |    25 ||    74
       Potion            |       |       |    10 |     4 |     5 |    26 ||    45
 Stab: Sleeping          |     2 |     1 |       |     2 |     6 |     2 ||    13
       Distracted        |       |       |       |     2 |     1 |     1 ||     4
  Eat: Chunk             |     6 |     8 |     9 |    37 |    54 |    65 ||   179
       Fruit             |       |       |    11 |    15 |    32 |       ||    58
       Royal jelly       |       |       |     2 |     3 |     6 |    16 ||    27
       Bread ration      |       |       |     1 |       |     8 |     5 ||    14
       Meat ration       |       |       |       |       |     4 |     2 ||     6
Armor: Robe              |    31 |    51 |   189 |   360 |   686 |   726 ||  2043
Dodge: Dodged            |   101 |   100 |   245 |   698 |  1364 |  1409 ||  3917
       Rpst.: Long sword |       |       |     8 |       |       |       ||     8
